 Dungeon Crawl Stone Soup version 0.20.1-1-g8b1a95d (webtiles) character file.

52 Inchmeat the Cudgeler (level 3, -5/21 HPs)
             Began as a Gargoyle Gladiator on Dec 27, 2017.
             Killed by divine providence
             ... invoked by an orc priest
              (9 damage)
             ... on level 3 of the Dungeon.
             The game lasted 00:02:10 (1669 turns).

Inchmeat the Cudgeler (Gargoyle Gladiator)          Turns: 1669, Time: 00:02:11

Health: -5/21      AC: 12    Str: 18    XL:     3   Next: 85%
Magic:  3/3        EV:  7    Int:  8    God:
Gold:   55         SH:  0    Dex: 11    Spells: 2/2 levels left

rFire    . . .     SeeInvis .   a - +0 flail
rCold    . . .     Gourm    .   (no shield)
rNeg     + . .     Faith    .   n - +0 chain mail
rPois    ∞         Spirit   .   c - +0 helmet
rElec    +         Reflect  .   (no cloak)
rCorr    .         Harm     .   (no gloves)
MR       .....                  (no boots)
Stlth    ..........             (no amulet)
Regen    0.1/turn               (no ring)
MPRegen  0.1/turn               (no ring)

@: no status effects
A: negative energy resistance 1, electricity resistance, unbreathing,
petrification resistance, rot immunity, AC +3
a: no special abilities


You were on level 3 of the Dungeon.
You were not hungry.

You visited 1 branch of the dungeon, and saw 3 of its levels.

You collected 55 gold pieces.

Inventory:

Hand Weapons
 a - a +0 flail (weapon)
Missiles
 d - 5 throwing nets (quivered)
Armour
 b - a +0 leather armour
 c - a +0 helmet (worn)
 n - a +0 chain mail (worn)
Scrolls
 g - 3 scrolls of teleportation {unknown}
 h - a scroll of blinking {unknown}
 m - a scroll of fear {unknown}
 q - a scroll of identify {unknown}
Potions
 e - 2 potions of cancellation {unknown}
 i - a potion of heal wounds {unknown}
 j - 2 potions of mutation {unknown}
 l - 3 potions of lignification {unknown}
 o - a potion of resistance {unknown}
Comestibles
 f - a bread ration
 k - 2 meat rations
 p - 4 fruits


   Skills:
 - Level 2.1 Fighting
 * Level 4.4 Maces & Flails
 - Level 1.7 Throwing
 - Level 2.4 Dodging
   Level 1.0 Shields


You had 2 spell levels left.
You didn't know any spells.

Dungeon Overview and Level Annotations

Branches:
Dungeon (3/15)

Altars:


Innate Abilities, Weirdness & Mutations

You are resistant to torment.
Your stone body is resilient. (AC +3)
You are immune to poison.
You resist negative energy. (rN+)
You are resistant to electric shocks. (rElec)
You can survive without breathing.
You are immune to petrification.
You are immune to rotting.


Message History

Ye kill tha kobold!
Tha orc priest invokes tha aid o' Beogh against ye.
Beogh smites ye!
Ouch! Tha re'lly hurt!
Tha leopard gecko hisses menacin'ly.
Tha leopard gecko barely misses ye.
Ye be too injured ta fight recklessly!
Ye be too injured ta fight recklessly!
Ye be too injured ta fight recklessly!
Ye be too injured ta fight recklessly!
An orc comes inta view.
Tha orc shouts!
Tha orc priest mumbles some strange prayers ta Beogh against ye.
Pain shoots through yer body!
* * * LOW HITPOINT WARNIN'
* * * Tha leopard gecko barely misses ye.
Tha leopard gecko bites ye but does nay damage.
Tha orc priest invokes tha aid o' Beogh against ye.
Beogh smites ye!
Ye die...

... ...#.#
..##....##
#........### .
##..........#.. ..
#..............
...#..............
...%o.............
#...).........
..##.$.#@..#.##
#...o..l........
.................
..##..##..........
. .... ...........
.####.#.........#
#.#...####### .
....# .. ....#


You could see an orc priest, an orc and a leopard gecko.

Vanquished Creatures
  2 adders (D:2)
  An ooze (D:1)
  2 worms (D:2)
  A leopard gecko (D:2)
  A ball python (D:1)
  A giant cockroach (D:1)
  2 goblins (D:1)
  3 hobgoblins
  A quokka (D:2)
  3 bats
  A frilled lizard (D:2)
  4 kobolds
  2 rats
24 creatures vanquished.

Notes
Turn   | Place    | Note
-------+----------+-------------------------------------------
     0 | D:1      | Inchmeat the Gargoyle Gladiator began the quest for the Orb.
     0 | D:1      | Reached XP level 1. HP: 12/12 MP: 1/1
   312 | D:1      | Reached XP level 2. HP: 16/17 MP: 2/2
   448 | D:1      | Reached skill level 1 in Shields
  1062 | D:2      | Reached XP level 3. HP: 16/21 MP: 3/3
  1273 | D:2      | Reached skill level 4 in Maces & Flails
  1669 | D:3      | Killed from afar by an orc priest

Skill      XL: |  1  2  3 |
---------------+----------+-----
Shields        | 1 |  1.0
Maces & Flails | 4 |  4.4
Fighting       | |  2.1
Throwing       | |  1.7
Dodging        | |  2.4

Action                   || total
-------------------------++-------
Melee: Flail             ||   101
  Eat: Chunk             ||     2
Armor: Leather armour    ||     7
       Chain mail        ||    46
Dodge: Dodged            ||    53
Block: Buckler           ||     1
